 Dungeon Crawl Stone Soup version 0.22-a0-44-geb883ae (webtiles) character file.

1652 KristoblXynda the Slasher (level 8, -9/61 HPs)
             Began as a Pale Draconian Gladiator on Jan 6, 2018.
             Was an Initiate of Gozag.
             Mangled by a two-headed ogre
             ... wielding a +0 giant club
              (28 damage)
             ... on level 9 of the Dungeon.
             The game lasted 00:13:02 (7542 turns).

KristoblXynda the Slasher (DrGl)                    Turns: 7542, Time: 00:13:03

Health: -9/61      AC:  7    Str: 16    XL:     8   Next: 68%
Magic:  8/8        EV: 15    Int: 12    God:    Gozag
Gold:   220        SH:  4    Dex: 12    Spells: 7/7 levels left

rFire    . . .     SeeInvis +   a - +1 long sword
rCold    . . .     Gourm    .   (no shield)
rNeg     + . .     Faith    .   (armour unavailable)
rPois    .         Spirit   .   b - +1 hat
rElec    .         Reflect  +   (no cloak)
rCorr    .         Harm     .   (no gloves)
MR       .....                  (no boots)
Stlth    +++.......             m - +4 amulet of reflection
HPRegen  0.20/turn              o - ring of positive energy
MPRegen  0.11/turn              r - ring of see invisible

@: short of breath
A: breathe steam, unfitting armour, cold-blooded, AC +6
a: Breathe Steam, Potion Petition, Call Merchant, Bribe Branch, Renounce
Religion


You were on level 9 of the Dungeon.
You worshipped Gozag.
Gozag was aware of your devotion.
You were not hungry.

You visited 2 branches of the dungeon, and saw 9 of its levels.

You collected 326 gold pieces.
You paid 106 gold pieces to Gozag.

Inventory:

Hand Weapons
 a - a +1 long sword (weapon)
Missiles
 c - 2 throwing nets (quivered)
Armour
 b - a +1 hat (worn)
Jewellery
 m - a +4 amulet of reflection (around neck)
 o - a ring of positive energy (left hand)
 p - an uncursed ring of protection from magic
 q - a +4 ring of strength {unknown}
 r - a ring of see invisible (right hand)
Scrolls
 e - 2 scrolls of fog
 f - 7 scrolls of remove curse
 h - a scroll of enchant weapon
 i - 8 scrolls of teleportation
 j - a scroll of fear {unknown}
 l - a scroll of identify
 t - 2 scrolls of enchant armour
 u - a scroll of blinking {unknown}
 v - 2 scrolls of random uselessness {unknown}
Potions
 g - 2 potions of curing
 k - 3 potions of agility
 n - a potion of mutation {unknown}
Books
 s - a book of Maledictions

   Spells                             Type                      Level
   a - Corona                         Hexes                        1
   b - Ensorcelled Hibernation        Hexes/Ice                    2
   c - Confuse                        Hexes                        3
   d - Tukima's Dance                 Hexes                        3
   e - Dazzling Spray                 Conjuration/Hexes            3
Comestibles
 d - 7 rations


   Skills:
 - Level 2.1 Fighting
 + Level 7.1 Long Blades
 - Level 4.1 Throwing
 + Level 6.4 Dodging
 + Level 4.5 Stealth


You had 7 spell levels left.
You didn't know any spells.

Dungeon Overview and Level Annotations

Branches:
Dungeon (7/15)             Temple (1/1) D:7

Altars:
Cheibriados
Dithmenos
Gozag
Hepliaklqana
Okawaru
Ru
Xom
Yredelemnul
Zin
The Shining One

Shops:
D:4 [(   D:5 %   D:7 =

Annotations:
D:6 qwer's ghost, novice DsWn


Innate Abilities, Weirdness & Mutations

You can breathe blasts of scalding, opaque steam.
Your pale cyan-grey scales are hard. (AC +6)
You cannot fit into any form of body armour.
You are cold-blooded and may be slowed by cold attacks.


Message History

The two-headed ogre is engulfed in a cloud of scalding steam.
The two-headed ogre barely misses you. The two-headed ogre misses you.
The two-headed ogre is engulfed in a cloud of scalding steam.
You hit the two-headed ogre but do no damage.
The two-headed ogre is heavily wounded.
The two-headed ogre completely misses you.
You riposte.
You slash the two-headed ogre!
The two-headed ogre is severely wounded.
The two-headed ogre hits you with a giant club!
You have got your breath back.
You aren't carrying any items that you can evoke.
Press: ? - help, Shift-Dir - straight line You exhale a blast of scalding steam.
The ball of steam hits the two-headed ogre.
The two-headed ogre is severely wounded.
You feel somewhat more hungry.
The two-headed ogre is engulfed in a cloud of scalding steam.
The two-headed ogre hits you with a giant club!! x2
You die...
Your body crumbles into a pile of gold.

##..# ##...## #. [
###########.....## #.
.###........#........ ##..
...........##..#..... #...
#...........#...... .#...$
##................. ......#
####.....#..........
.......####§O@..#####.........
.............#### ###.......
..........#### ....#..
.......###......# .####
##..[.# ......# ## .....#
......# ...## ......# ..#
......# .. .....$.


You could see a two-headed ogre.

Vanquished Creatures
  A water moccasin (D:6)
  2 orc warriors (D:7)
  2 ogres
  A centaur (D:6)
  4 bullfrogs
  A scorpion (D:5)
  A howler monkey (D:5)
  2 crimson imps
  2 hounds (D:6)
  2 jellies (D:6)
  5 orc wizards
  A bullfrog skeleton (D:6)
  A centaur skeleton (D:6)
  3 iguanas (D:5)
  5 worker ants
  6 adders
  A shadow imp (D:7)
  An ooze (D:6)
  3 worms
  A leopard gecko (D:1)
  25 orcs
  4 giant cockroaches
  7 goblins
  5 hobgoblins
  10 jackals
  3 quokkas
  6 bats
  4 frilled lizards
  7 kobolds
  A leopard gecko skeleton (D:4)
  10 rats
127 creatures vanquished.

Notes
Turn   | Place    | Note
-------+----------+-------------------------------------------
     0 | D:1      | KristoblXynda the Draconian Gladiator began the quest for the Orb.
     0 | D:1      | Reached XP level 1. HP: 17/17 MP: 1/1
   230 | D:1      | Reached XP level 2. HP: 18/24 MP: 2/2
   815 | D:1      | Reached XP level 3. HP: 22/29 MP: 3/3
  1077 | D:2      | Found a faded altar of an unknown god.
  1754 | D:3      | Reached XP level 4. HP: 36/36 MP: 4/4
  2555 | D:4      | Found Rateff's Antique Armour Shop.
  2737 | D:4      | Found Bupiosos's Weapon Emporium.
  2886 | D:4      | Found a glowing silver altar of Zin.
  3029 | D:5      | Entered Level 5 of the Dungeon
  3039 | D:5      | Reached skill level 4 in Long Blades
  3039 | D:5      | Reached XP level 5. HP: 41/41 MP: 5/5
  3300 | D:5      | Found a basalt altar of Yredelemnul.
  3304 | D:5      | Reached XP level 6. HP: 46/48 MP: 6/6
  3456 | D:5      | Reached skill level 5 in Long Blades
  3684 | D:5      | Found a shimmering altar of Xom.
  3801 | D:5      | Found Tidaeh's Food Boutique.
  4568 | D:6      | Noticed a water moccasin
  4583 | D:6      | Killed a water moccasin
  4583 | D:6      | Reached skill level 1 in Stealth
  4583 | D:6      | Your scales start taking on a pale cyan-grey colour.
  4583 | D:6      | Reached XP level 7. HP: 43/55 MP: 7/7
  4597 | D:6      | Reached skill level 5 in Dodging
  4883 | D:6      | Found a snail-covered altar of Cheibriados.
  5006 | D:6      | HP: 2/55 [centaur (1)]
  5008 | D:6      | Reached skill level 6 in Long Blades
  5008 | D:6      | Reached XP level 8. HP: 9/61 MP: 8/8
  5992 | D:6      | Noticed qwer's ghost (novice DsWn)
  6545 | D:7      | Found Cuaf's Jewellery Shoppe.
  6992 | D:7      | Reached skill level 7 in Long Blades
  7223 | D:7      | Found a staircase to the Ecumenical Temple.
  7241 | Temple   | Entered the Ecumenical Temple
  7315 | Temple   | Became a worshipper of Gozag Ym Sagoz the Greedy
  7465 | D:7      | You fall through a shaft for 2 floors!
  7529 | D:9      | Noticed a two-headed ogre
  7542 | D:9      | Mangled by a two-headed ogre

Vault maps used:
D:1:      kennysheep_arrival_forest, nrook_mini_backslash
D:2:      chequers_ecumenical_altar_simple
D:3:      first_ration, kennysheep_generic_room_13
D:4:      kennysheep_little_box, serial_shops, shop, shop_statue
D:5:      old_standard_altar, kennysheep_mini, serial_shops,
          nicolae_shop_statue_plus
D:6:      basic_altar, minmay_misc_feat_ornament, minivault_11,
          kennysheep_diamond
D:7:      kiku_gazebo_pond_becter, minmay_temple_entry_glass, serial_shops,
          shop, minmay_item_behind_shaft
D:9:      chequers_temple_overflow_statue_of_worship, orc_david_3,
          enter_bailey_7, grunt_livestock
Temple:   regret_index_temple_generic_petals

Skill      XL: |  1  2  3  4  5  6  7  8 |
---------------+-------------------------+-----
Throwing       | 2 3 4 |  4.1
Dodging        | 3 4 5 6 |  6.4
Long Blades    | 4 5 6 7 |  7.1
Stealth        | 1 2 4 |  4.5
Fighting       | |  2.1

Action                   |  1- 3 |  4- 6 |  7- 9 || total
-------------------------+-------+-------+-------++-------
Melee: Long sword        |   106 |   150 |   148 ||   404
       Tailslap          |    16 |    17 |    21 ||    54
Throw: Throwing net      |       |     1 |       ||     1
 Abil: Breathe Steam     |       |       |    16 ||    16
  Use: Potion            |       |       |     6 ||     6
       Scroll            |       |       |     9 ||     9
 Stab: Sleeping          |     1 |     1 |     2 ||     4
       Invisible         |       |       |     1 ||     1
  Eat: Ration            |     1 |     2 |     2 ||     5
       Chunk             |     1 |     3 |     4 ||     8
Armor: Skin              |    37 |    27 |    39 ||   103
Dodge: Dodged            |    99 |   104 |   109 ||   312
Block: Other             |     4 |    15 |    28 ||    47
       Reflection        |       |     1 |       ||     1
       Rpst.: Long sword |    33 |    37 |    31 ||   101

Table legend:
 A = Spawn XP
 B = Non-spawn XP
 C = Spawn XP percentage of total XP
 D = Spawn monster count
 E = Non-spawn monster count
 F = Spawn count percentage of total count
 G = Total turns spent on level
                    A         B        C        D         E        F      G
               +---------+---------+-------+---------+---------+-------+---------
         Total |       0 |    2360 |   0.0 |       0 |     127 |   0.0 |  7542
               +---------+---------+-------+---------+---------+-------+---------
           D:1 |       0 |      42 |   0.0 |       0 |      26 |   0.0 |  1003
           D:2 |       0 |      43 |   0.0 |       0 |      16 |   0.0 |   693
           D:3 |       0 |      41 |   0.0 |       0 |      16 |   0.0 |   836
           D:4 |       0 |      23 |   0.0 |       0 |       9 |   0.0 |   497
           D:5 |       0 |     570 |   0.0 |       0 |      19 |   0.0 |  1518
           D:6 |       0 |    1221 |   0.0 |       0 |      30 |   0.0 |  1859
           D:7 |       0 |     420 |   0.0 |       0 |      11 |   0.0 |   961
               +---------+---------+-------+---------+---------+-------+---------
